Map: Prion Terraces

Players

Elazer - Winner!

  • Race: Zerg Zerg
  • League: Grandmaster

NoRegreT

  • Race: Zerg Zerg
  • League: Grandmaster

Event: Homestory Cup XII

VOD

Have the link to the VOD?

Description

Time

  • Played on: Dec. 18, 2015, 12:36 p.m.
  • Length: 4:53

All games in this series

Show
View Real Time Build Order
Export as new Build Order

Elazer Zerg - Winner!

Build Orders: Pool First, Zergling Baneling 

Get SALT Encoding   

  12  0:00  Drone  
  13  0:13  Overlord  
  13  0:17  Drone  
  14  0:32  Drone x2  
  17  0:35  Drone  
  17  0:36  Extractor  
  16  0:46  Spawning Pool  
  15  0:50  Drone  
  15  0:57  Drone  
  17  1:11  Drone  
  18  1:20  Overlord  
  18  1:33  Zergling x2, Queen  
  18  1:38  Metabolic Boost  
  21  1:40  Zergling x2  
  22  1:51  Hatchery  
  21  1:55  Zergling x2  
  22  2:02  Baneling Nest  
  22  2:05  Zergling x2  
  22  2:12  Zergling x2  
  23  2:21  Queen  
  25  2:24  Zergling x2  
  26  2:34  Zergling x2  
  27  2:40  Zergling x2  
  27  2:41  Zergling x4  
  30  2:46  Overlord  
  30  2:48  Baneling  
  30  2:50  Baneling  
  30  2:55  Baneling x2  
  30  3:04  Zergling x4  
  30  3:18  Zergling x6  
  32  3:27  Zergling x2  
  32  3:29  Baneling  
  32  3:32  Zergling x4  
  32  3:33  Zergling x2  
  34  3:39  Zergling x2  
  34  3:48  Zergling x4  
  32  3:53  Baneling x2  
  32  3:54  Baneling  
  30  3:56  Drone x3  
  33  4:04  Overlord  
  33  4:06  Zergling x2  
Show
View Real Time Build Order
Export as new Build Order

NoRegreT Zerg 

Build Orders: Hatch First 

Get SALT Encoding   

  12  0:01  Drone  
  13  0:10  Drone  
  14  0:15  Extractor  
  14  0:16  Drone  
  14  0:22  Drone, Extractor  
  14  0:27  Overlord  
  16  0:50  Hatchery  
  16  0:53  Drone  
  16  0:57  Drone  
  17  1:07  Extractor  
  16  1:14  Spawning Pool  
  16  1:17  Drone  
  16  1:20  Drone  
  16  1:24  Drone  
  18  1:28  Drone  
  19  1:38  Overlord  
  19  1:51  Drone  
  20  2:01  Zergling x2, Queen  
  22  2:02  Queen  
  22  2:04  Drone  
  26  2:12  Zergling x2  
  26  2:14  Metabolic Boost  
  27  2:17  Zergling x2  
  28  2:23  Zergling x2  
  28  2:25  Zergling x2  
  30  2:38  Zergling x4  
  30  2:41  Baneling Nest  
  30  2:44  Zergling x2  
  32  2:46  Zergling x2  
  33  2:54  Overlord  
  33  2:57  Zergling x2  
  28  3:19  Zergling x4  
  23  3:20  Zergling x6  
  23  3:21  Zergling x2  
  23  3:22  Zergling x4  
  23  3:25  Zergling x2  
  24  3:30  Zergling x2  
  25  3:35  Zergling x2  
  25  3:40  Zergling x2  
  24  3:44  Zergling x2  
  21  3:50  Zergling x2  
Tags
 
Add a new tag
Caveats
  • Supply blocks, unpowered buildings, or Contaminate may cause inaccurate times.
  • Supply counts are checked every 10 seconds.